 Dungeon Crawl Stone Soup version 0.20-a0-267-g4a7ec2a (webtiles) character file.

83 Yakui the Slasher (level 4, -4/35 HPs)
             Began as a Human Berserker on Dec 6, 2016.
             Was a Believer of Trog.
             Slain by a gnoll
             ... wielding a +0 spear
              (6 damage)
             ... on level 2 of the Dungeon.
             The game lasted 00:03:14 (1326 turns).

Yakui the Slasher (Human Berserker)                 Turns: 1326, Time: 00:03:15

Health: -4/35      AC:  6    Str: 18    XL:     4   Next: 71%
Magic:  4/4        EV: 11    Int:  7    God:    Trog [**....]
Gold:   51         SH:  4    Dex: 13    Spells: 3/3 levels left

rFire  + . .     SeeInvis .     a - +0 falchion
rCold  . . .     Gourm    .     j - +1 ring mail {rF+}
rNeg   . . .     Faith    .     d - +0 buckler (curse)
rPois  .         Spirit   .     (no helmet)
rElec  .         Reflect  .     (no cloak)
rCorr  .         Harm     .     (no gloves)
MR     .....                    (no boots)
Stlth  ++........               (no amulet)
                                (no ring)
                                i - ring of stealth

@: exhausted, slowed, very slow
A: no striking features
a: Berserk, Trog's Hand, Burn Spellbooks, Renounce Religion


You were on level 2 of the Dungeon.
You worshipped Trog.
Trog was pleased with you.
You were very hungry.

You visited 1 branch of the dungeon, and saw 2 of its levels.

You collected 51 gold pieces.

Inventory:

Hand Weapons
 a - a +0 falchion (weapon)
Armour
 d - a cursed +0 buckler (worn)
 j - a +1 ring mail of fire resistance (worn)
Jewellery
 i - a ring of stealth (left hand)
Scrolls
 b - 2 scrolls of immolation {unknown}
 g - 2 scrolls of identify {unknown}
 l - 2 scrolls of remove curse {unknown}
 m - a scroll of recharging {unknown}
 o - a scroll of fog {unknown}
 p - a scroll of random uselessness {unknown}
Potions
 e - a potion of cure mutation {unknown}
 h - a potion of invisibility {unknown}
 k - a potion of curing {unknown}
 n - a potion of resistance {unknown}
Comestibles
 c - 2 bread rations
 f - a chunk of flesh


   Skills:
 + Level 3.5 Fighting
 + Level 3.7 Long Blades
 - Level 2.0 Armour
 - Level 2.0 Dodging
 + Level 2.5 Shields


You had 3 spell levels left.
You didn't know any spells.

Dungeon Overview and Level Annotations

Branches:
Dungeon (2/15)

Altars:
Ru


Message History

* * * LOW HITPOINT WARNING * * *
You closely miss the gnoll.
The gnoll is heavily wounded.
The gnoll hits you but does no damage. x2
You slash the gnoll!
You kill the gnoll!
Trog accepts your kill.
The gnoll hits you from afar with a spear.
* * * LOW HITPOINT WARNING * * *
The goblin hits you but does no damage. The gnoll hits you but does no damage.
Your ring mail prevents you from hitting the gnoll.
You are no longer berserk.
You are exhausted.
You feel yourself slow down. The gnoll hits you but does no damage.
The goblin barely misses you. The gnoll hits you with a spear.
* * * LOW HITPOINT WARNING * * *
The goblin barely misses you.
You riposte.
You barely miss the goblin. The gnoll hits you with a spear.
You die...

#.... # #.... #
#.#.# # #.#.# #
.... # #..# #
#.g##### .. #
#g)g...# .#########
##@###.##.#.......#
#.#....#.#.#####.#
#.##...#..#.#.# #.#
#.........#.#.# #.#
#########.#†#.# #.#
..........#.# #.#
#######.###.# #.#
#.....# #.# #######
#.#


You could see 2 gnolls and a goblin.

Vanquished Creatures
  2 adders (D:2)
  2 gnolls (D:2)
  A worm (D:2)
  2 dart slugs (D:1)
  A leopard gecko (D:1)
  6 bats
  A giant cockroach (D:2)
  5 goblins (D:1)
  5 hobgoblins
  6 kobolds
  3 frilled lizards (D:1)
  4 rats
  3 toadstools (D:1)
41 creatures vanquished.

Vanquished Creatures (others)
  A toadstool (D:1)
1 creature vanquished.

Grand Total: 42 creatures vanquished

Notes
Turn   | Place    | Note
-------+----------+-------------------------------------------
     0 | D:1      | Yakui the Human Berserker began the quest for the Orb.
     0 | D:1      | Reached XP level 1. HP: 18/18 MP: 1/1
   150 | D:1      | Reached skill level 1 in Shields
   150 | D:1      | Reached XP level 2. HP: 16/24 MP: 2/2
   350 | D:1      | Reached XP level 3. HP: 22/29 MP: 3/3
   414 | D:1      | Reached ** piety under Trog
   994 | D:2      | Reached XP level 4. HP: 22/35 MP: 4/4
  1092 | D:2      | Found a sacrificial altar of Ru.
  1326 | D:2      | Slain by a gnoll

Vault maps used:
D:1:      ldierk_water_garden
D:2:      nicolae_ru_sacrificial_ziggurat, first_bread

Skill      XL: |  1  2  3 |
---------------+----------+-----
Shields        | 1 2 |  2.5
Fighting       | |  3.5
Long Blades    | |  3.7
Armour         | |  2.0
Dodging        | |  2.0

Action                   |  1- 3 |  4- 6 || total
-------------------------+-------+-------++-------
Melee: Falchion          |   117 |    38 ||   155
Invok: Berserk           |     1 |     1 ||     2
 Stab: Sleeping          |     3 |     1 ||     4
  Eat: Chunk             |     1 |     1 ||     2
Armor: Animal skin       |     2 |       ||     2
       Ring mail         |    41 |    13 ||    54
Dodge: Dodged            |    55 |    35 ||    90
Block: Buckler           |    11 |     7 ||    18
       Rpst.: Falchion   |    18 |    11 ||    29
